 Dungeon Sprint DCSS version 0.30.1-4-g462c640d31 (webtiles) character file.

Game seed: 7390538839542763484

5030 Heoruswealwe the Severer (level 10, -2/102 HPs)
             Began as a Hill Orc Fighter on Aug 24, 2023.
             Was the Champion of the Shining One.
             Slain by Sonja
             ... wielding a +1 dagger of distortion
              (5 damage)
             ... in the Dungeon (Sprint I: "Red Sonja").
             The game lasted 00:19:08 (1836 turns).

Heoruswealwe the Severer (Hill Orc Fighter)         Turns: 1836, Time: 00:19:10

Health: -2/102     AC: 19    Str: 24    XL:     10   Next: 55%
Magic:  20/20      EV:  8    Int:  8    God:    the Shining One [******]
Gold:   912        SH:  4    Dex: 10    Spells: 9/9 levels left

rFire   + . .        a - +0 war axe
rCold   + . .        d - +0 buckler
rNeg    + + +        c - +0 chain mail
rPois   +            (no helmet)
rElec   +            h - +0 cloak
rCorr   +            f - +0 pair of gloves
SInv    .            (no boots)
Will    +....        (no amulet) Stlth
                     k - ring of willpower
HPRegen 0.37/turn    j - +4 ring of protection
MPRegen 0.17/turn

%: no teleportation
@: resistant, hasted, glowing, very quick
A: no striking features
a: Renounce Religion, Divine Shield, Cleansing Flame, Summon Divine Warrior,
Brand Weapon With Holy Wrath


You were in the Dungeon.
You worshipped the Shining One.
The Shining One was exalted by your worship.
You visited 1 branch You collected 1459 gold pieces.
You spent 547 gold pieces at shops.

Inventory:

Hand Weapons
 a - a +0 war axe (weapon)
Armour
 c - a +0 chain mail (worn)
 d - a +0 buckler (worn)
 f - a +0 pair of gloves (worn)
 h - a +0 cloak (worn)
Jewellery
 j - a +4 ring of protection (right hand)
 k - a ring of willpower (left hand)
Wands
 l - a wand of digging (5)
Scrolls
 m - a scroll of poison
 n - a scroll of enchant armour
 o - 2 scrolls of fog
 q - a scroll of blinking
Potions
 p - 3 potions of flight {unknown}
 r - a potion of brilliance {unknown}


   Skills:
 + Level 13.7 Fighting
 * Level 19.8 Axes
 + Level 12.6 Armour
 - Level 3.2 Shields
 + Level 14.3 Invocations


You had 9 spell levels left.
You didn't know any spells.
Your spell library was empty.

Dungeon Overview and Level Annotations

Branches:
Dungeon (1/1)

Altars:
Cheibriados
Dithmenos
Elyvilon
Fedhas
Gozag
Hepliaklqana
Kikubaaqudgha
Makhleb
Nemelex Xobeh
Okawaru
Qazlal
Ru
Sif Muna
Trog
Uskayaw
Vehumet
Wu Jian
Xom
Yredelemnul
Zin
The Shining One
Jiyva
Lugonu

Shops:
D [[(*(?(=***:?*[*

Annotations:
D Sonja


Message History

Sonja shouts, "Hah!
Missed me again!"
Sonja hits you with a +1 dagger of distortion.
Space warps horribly around you! Sonja hits you but does no damage. x2
Space warps horribly around you!
There is an open door here.
You slash Sonja!
Sonja is heavily wounded.
Sonja hits you but does no damage. Space warps horribly around you!
Sonja hits you but does no damage. Space warps horribly around you!
Sonja hits you but does no damage. Space warps around you.
You closely miss Sonja.
Sonja is heavily wounded.
Sonja hits you but does no damage. Space warps around you.
Sonja hits you but does no damage. Space warps around you.
Sonja hits you with a +1 dagger of distortion.
Space warps around you.
* * * LOW HITPOINT WARNING * * *
Sonja mumbles some strange words.
Sonja blinks!
You feel yourself speed up.
You feel protected.
Sonja mumbles some strange words.
Sonja blinks!
You see here 27 gold pieces.
There is an open door, spattered with blood here.
You closely miss Sonja.
Sonja is heavily wounded.
You closely miss Sonja.
Sonja is heavily wounded.
You block Sonja's attack. Sonja closely misses you.
Sonja hits you but does no damage. Space warps horribly around you!!
* * * LOW HITPOINT WARNING * * *
You hit Sonja.
Sonja is heavily wounded.
Sonja hits you but does no damage. Space warps horribly around you!
* * * LOW HITPOINT WARNING * * *
Sonja hits you but does no damage. Space warps horribly around you!
The Shining One protects you from harm! Sonja hits you but does no damage.
Space warps around you.
You die...

#..#####'#####'#__####...+,,*,*
#..####..#...#.####.§#####,,+,*
#..#__####..##.#§~§.§#..#*+****
#..#_____##'#_.+§§§§§+..#,,,,,*
#⌠⌠#_.∩...'..._#~~§§§#..#,,,,,+
##.#_..__##_.#'##+#####'###,,,*
#..#_____###+#.#.).[###.+.#,,,*
############.####'###[###.#,,**
*∩,,,,,,,,+$.$@K....')∩##.#,,**
***++++***#$.$###.#######.#*+*,
*,,,,,,,**##.###.......##.#*,*,
*,,,,,,,,*,#+*,#........+§#***,
*,,*,,,,,*,,,,,#'''######§#,,+,
*,,,,,,,,*,,,,,#...†....#§#****
*,,,,,*,,*######..††...#+.#,,,*
*,,,,,,,,*#?(!....†...~####,,,,
*,,*,,,,,*#(......†..~~#*,,,,,,


You could see Sonja.

Vanquished Creatures
  2 centaur warriors (D)
  A deep troll (D)
  An oklob plant (D)
  2 unseen horrors (D)
  2 kobold demonologists (D)
  A hornet (D)
  Sigmund (D)
  A slime creature (D)
  A yak (D)
  2 redbacks (D)
  2 floating eyes (D)
  An ogre (D)
  7 necrophages (D)
  8 jellies (D)
  Ijyb (D)
33 creatures vanquished.

Notes
Turn   | Place    | Note
-------+----------+-------------------------------------------
     0 | D        | Heoruswealwe the Hill Orc Fighter began the quest for the
                  | Orb.
     0 | D        | Reached XP level 1. HP: 19/19 MP: 1/1
     1 | D        | Noticed Ijyb
    38 | D        | Killed Ijyb
    39 | D        | Reached skill level 5 in Axes
    39 | D        | Reached XP level 2. HP: 25/28 MP: 1/4
    39 | D        | Reached XP level 3. HP: 30/34 MP: 1/5
    85 | D        | Noticed an ogre
    92 | D        | Killed an ogre
    93 | D        | Reached skill level 8 in Axes
    93 | D        | Reached skill level 5 in Armour
    93 | D        | Reached skill level 5 in Invocations
    93 | D        | Reached XP level 4. HP: 37/44 MP: 5/7
   119 | D        | Noticed Sigmund
   142 | D        | Killed Sigmund
   143 | D        | Reached skill level 10 in Axes
   143 | D        | Reached XP level 5. HP: 20/52 MP: 7/10
   143 | D        | Reached XP level 6. HP: 23/60 MP: 7/11
   265 | D        | Found an ornate altar of the Wu Jian Council.
   265 | D        | Found a shimmering blue altar of Sif Muna.
   267 | D        | Found a radiant altar of Vehumet.
   303 | D        | Found Guek Tem's Antique Armour Emporium.
   303 | D        | Found an ancient bone altar of Kikubaaqudgha.
   303 | D        | Found a hazy altar of Hepliaklqana.
   303 | D        | Found a stormy altar of Qazlal.
   303 | D        | Found a hide-covered altar of Uskayaw.
   303 | D        | Found a blossoming altar of Fedhas.
   303 | D        | Found a bloodstained altar of Trog.
   303 | D        | Found an iron altar of Okawaru.
   303 | D        | Found a basalt altar of Yredelemnul.
   303 | D        | Found a glowing golden altar of the Shining One.
   303 | D        | Found a snail-covered altar of Cheibriados.
   303 | D        | Found a sacrificial altar of Ru.
   303 | D        | Found a glowing silver altar of Zin.
   303 | D        | Found a shadowy altar of Dithmenos.
   303 | D        | Found a white marble altar of Elyvilon.
   303 | D        | Noticed a yak
   308 | D        | Killed a yak
   309 | D        | Reached skill level 12 in Axes
   309 | D        | Reached XP level 7. HP: 52/69 MP: 11/13
   309 | D        | Found an opulent altar of Gozag.
   310 | D        | Found a sparkling altar of Nemelex Xobeh.
   316 | D        | Became a worshipper of the Shining One
   363 | D        | Found a burning altar of Makhleb.
   363 | D        | Found a viscous altar of Jiyva.
   363 | D        | Found a shimmering altar of Xom.
   363 | D        | Found a corrupted altar of Lugonu.
   363 | D        | Noticed a slime creature
   376 | D        | Killed a slime creature
   377 | D        | Reached skill level 13 in Axes
   495 | D        | Noticed a kobold demonologist
   495 | D        | Reached * piety under the Shining One
   495 | D        | Noticed a kobold demonologist
   502 | D        | Killed a kobold demonologist
   502 | D        | Reached ** piety under the Shining One
   503 | D        | Reached skill level 10 in Fighting
   503 | D        | Reached skill level 14 in Axes
   503 | D        | Reached skill level 10 in Invocations
   503 | D        | Reached XP level 8. HP: 79/79 MP: 13/15
   504 | D        | Noticed a sun demon
   506 | D        | Killed a kobold demonologist
   507 | D        | Reached skill level 15 in Axes
   525 | D        | Noticed a centaur warrior
   525 | D        | Noticed a centaur warrior
   535 | D        | Killed a centaur warrior
   536 | D        | Reached skill level 16 in Axes
   536 | D        | Reached skill level 10 in Armour
   536 | D        | Reached XP level 9. HP: 52/89 MP: 15/17
   536 | D        | Killed a centaur warrior
   537 | D        | Reached skill level 17 in Axes
   541 | D        | Noticed a deep troll
   551 | D        | Killed a deep troll
   611 | D        | Found Peeteiwae's Armour Emporium.
   616 | D        | Bought a +0 cloak for 49 gold pieces
   773 | D        | Noticed a hornet
   773 | D        | Reached *** piety under the Shining One
   778 | D        | Killed a hornet
   779 | D        | Reached skill level 18 in Axes
   867 | D        | Noticed an oklob plant
  1268 | D        | Killed an oklob plant
  1269 | D        | Reached XP level 10. HP: 32/100 MP: 19/19
  1635 | D        | Noticed an unseen horror
  1635 | D        | Noticed an unseen horror
  1644 | D        | Killed an unseen horror
  1645 | D        | Reached skill level 19 in Axes
  1646 | D        | Killed an unseen horror
  1671 | D        | Reached **** piety under the Shining One
  1696 | D        | Reached ***** piety under the Shining One
  1721 | D        | Reached ****** piety under the Shining One
  1742 | D        | Found Qeopiroh's Magic Scroll Boutique.
  1742 | D        | Found Diyfith's General Store.
  1742 | D        | Found Haosievi's Assorted Antiques.
  1766 | D        | Found Tiaw's Book Boutique.
  1766 | D        | Found Elann's Assorted Antiques.
  1766 | D        | Found Conoalob's Assorted Antiques.
  1766 | D        | Found Samiw's Assorted Antiques.
  1766 | D        | Found Jyosym's Jewellery Boutique.
  1766 | D        | Found Owieng's Weapon Shoppe.
  1766 | D        | Found Emomn's Magic Scroll Shop.
  1769 | D        | Bought a scroll of identify for 20 gold pieces
  1769 | D        | Bought a scroll of identify for 20 gold pieces
  1770 | D        | Bought a scroll labelled QOTEBELOCE for 17 gold pieces
  1770 | D        | Bought a scroll labelled LEOLUU QUTHRIGH for 17 gold pieces
  1770 | D        | Bought a scroll of identify for 34 gold pieces
  1770 | D        | Bought 2 black potions for 30 gold pieces
  1770 | D        | Bought a notched gilded ring for 85 gold pieces
  1770 | D        | Found Oxeukoum's Weapon Emporium.
  1771 | D        | Found Cunofymie's General Store.
  1771 | D        | Found Leib's Antique Weapon Shoppe.
  1772 | D        | Bought a puce potion for 27 gold pieces
  1772 | D        | Bought a scroll labelled RUL AZEUBBUROG for 31 gold pieces
  1772 | D        | Bought a scroll labelled LEOLUU QUTHRIGH for 31 gold pieces
  1772 | D        | Bought a scroll labelled LIXTUJ OSEIZ for 31 gold pieces
  1772 | D        | Found Ilomuiph's Armour Shop.
  1773 | D        | Bought a scroll of identify for 52 gold pieces
  1773 | D        | Bought a scroll of identify for 52 gold pieces
  1773 | D        | Bought a black potion for 23 gold pieces
  1779 | D        | Bought a scroll of identify for 28 gold pieces
  1826 | D        | Noticed Sonja
  1836 | D        | HP: 3/102 [Sonja/+1 dagger of distortion (10)]
  1836 | D        | The Shining One protects you from harm!
  1836 | D        | Slain by Sonja

Illustrated notes

Levels and vault maps discovered:
D:        dungeon_sprint_1 [red_sonja_temple_1, red_sonja_temple_small_1]

Skill      XL: |  1  2  3  4  5  6  7  8  9 10 |
---------------+-------------------------------+-----
Fighting       | 4 6 7 8 10 11 12 13 | 13.7
Axes           | 5 8 10 12 14 16 18 19 | 19.8
Armour         | 4 5 6 7 9 10 11 12 | 12.6
Invocations    | 3 5 7 8 10 11 13 14 | 14.3
Shields        | |  3.2

Action                     |  1- 3 |  4- 6 |  7- 9 | 10-12 || total
---------------------------+-------+-------+-------+-------++-------
  Melee: War axe           |    41 |    30 |    59 |    51 ||   181
  Evoke: Wand              |     1 |       |       |     1 ||     2
    Use: Potion            |     1 |       |     4 |     2 ||     7
         Scroll            |       |       |       |     8 ||     8
 Armour: Scale mail        |    12 |    10 |    18 |       ||    40
         Chain mail        |       |       |     1 |    34 ||    35
  Dodge: Dodged            |    19 |     3 |    23 |    17 ||    62
  Block: Buckler           |     7 |     1 |     8 |    10 ||    26
